 Dungeon Crawl Stone Soup version 0.31.0-12-g77e489cdc1 (webtiles) character file.

Game seed: 11235411040111490427

63 Gadfly the Covered (level 3, -1/46 HPs)
             Began as an Armataur Fighter on Feb 28, 2024.
             Frozen to death by an endoplasm (3 damage)
             ... on level 2 of the Dungeon.
             The game lasted 00:02:59 (1131 turns).

Gadfly the Covered (Armataur Fighter)               Turns: 1131, Time: 00:03:00

Health: -1/46      AC: 21    Str: 21    XL:     3   Next: 89%
Magic:  4/4        EV:  1    Int:  8    God:
Gold:   24         SH:  4    Dex: 11    Spells: 2/2 levels left

rFire   . . .        a - +1 flail
rCold   . . .        c - +0 buckler
rNeg    . . .        g - melded +0 scale mail
rPois   +            (helmet currently unavailable)
rElec   .            (cloak currently unavailable)
rCorr   .            (gloves currently unavailable)
SInv    .            (no barding)
Will    .....        (no amulet)
Stlth   +            (no ring)
HPRegen 0.27/turn    (no ring)
MPRegen 0.09/turn

%: roll
@: tree-form
A: stationary, stasis, torment immunity, boosted hp, large, (deformed body),
(tough skin 3), (armoured tail), roll 1
a: no special abilities


You were on level 2 of the Dungeon.
You were a tree.
You visited 1 branch of the dungeon, and saw 2 of its levels.

You collected 24 gold pieces.

Inventory:

Hand Weapons
 a - a +1 flail (weapon)
 b - a +2 dagger of draining
Armour
 c - a +0 buckler (worn)
 g - a +0 scale mail (melded)
Scrolls
 e - a scroll of teleportation
 i - a scroll of noise {unknown}
Potions
 d - a potion of might
 h - a potion of curing {unknown}
 j - a potion of cancellation {unknown}


   Skills:
 + Level 3.0 Fighting
 * Level 2.3 Maces & Flails
 + Level 3.9 Armour
 + Level 3.6 Shields
 * Level 1.5 Invocations
 * Level 1.2 Evocations


You had 2 spell levels left.
You didn't know any spells.
Your spell library contained the following spells:

 Spells                   Type           Power      Damage    Failure   Level
 Inner Flame              Hex/Fire       0%         N/A       85%         3
 Flame Wave               Conj/Fire      0%         2d4       99%         4
 Sticky Flame             Fire/Alch      0%         2d4       99%         4


Dungeon Overview and Level Annotations

Branches:
Dungeon (2/15)

Altars:


Innate Abilities, Weirdness & Mutations

You are a tree.
Your roots penetrate the ground, keeping you stationary.
You cannot be teleported.
You are immune to unholy pain and torment.
Your maximum health is greatly increased.
Your equipment is partially melded.
((Armour fits poorly on your strangely shaped body.))
((You have extremely tough skin. (AC +3)))
((You have a long armoured tail.))
You regenerate magic when rolling toward enemies. (Rampage MPRegen)


Message History

The endoplasm freezes you.
You are frozen.
You closely miss the adder.
The adder is almost dead.
You feel sick. The adder bites you.
You are more poisoned.
The adder poisons you!
The hobgoblin hits you but does no damage.
The endoplasm hits you. The adder barely misses you.
You thump the adder!
You kill the adder!
* * * LOW HITPOINT WARNING * * *
You feel very sick.
The hobgoblin hits you but does no damage.
You block the endoplasm's attack.
Okay, then.
You feel sick.
The hobgoblin attacks as it pursues you!
The hobgoblin closely misses you.
The endoplasm attacks as it pursues you!
The endoplasm barely misses you.
You feel sick.
The endoplasm attacks as it pursues you!
The endoplasm hits you but does no damage.
You feel sick.
You completely miss the endoplasm.
You feel sick.
The endoplasm hits you but does no damage.
The endoplasm hits you.
* * * LOW HITPOINT WARNING * * *
You hit the endoplasm.
The endoplasm is moderately wounded.
You feel sick. The endoplasm hits you.
* * * LOW HITPOINT WARNING * * *
It was a potion of lignification.
You turn into a tree.
Your +0 scale mail melds into your body.
Your roots penetrate the ground.
You feel sick.
You are no longer poisoned.
The endoplasm freezes you.
You are frozen.
You die...

#
#.###.#####...#
#.#........#
#.#.#.###......
#.....# .#.#.
###.### .. #.#
.# #####.# #
#.....# #♣#####
#J######.
#######g......#
.......†....##.
#......$†......
...####..##.###
.. ##.. ... ...
..# .... ..


You could see an endoplasm and a hobgoblin.

Vanquished Creatures
  An adder (D:2)
  A dart slug (D:2)
  2 ribbon worms (D:2)
  6 ball pythons
  7 endoplasms
  3 giant cockroaches
  4 goblins (D:1)
  2 hobgoblins (D:2)
  2 kobolds (D:1)
  9 bats
  3 frilled lizards
  5 rats
45 creatures vanquished.

Notes
Turn   | Place    | Note
-------+----------+-------------------------------------------
     0 | D:1      | Gadfly the Armataur Fighter began the quest for the Orb.
     0 | D:1      | Reached XP level 1. HP: 18/18 MP: 1/1
   165 | D:1      | Reached XP level 2. HP: 25/25 MP: 2/2
   318 | D:1      | Reached skill level 1 in Invocations
   528 | D:1      | Reached XP level 3. HP: 28/30 MP: 3/3
   674 | D:1      | Reached skill level 1 in Evocations
  1130 | D:2      | HP: 1/31 [endoplasm (1)]
  1131 | D:2      | Frozen to death by an endoplasm

Illustrated notes

Levels and vault maps discovered:
D:1:      dpeg_arrival_radiant, layout_loops_ring, minmay_misc_feat_encased
D:2:      layout_loops_ring, minmay_close_crescents

Skill      XL: |  1  2  3 |
---------------+----------+-----
Maces & Flails | 2 |  2.3
Invocations    | 1 |  1.5
Evocations     | 1 |  1.2
Fighting       | 3 |  3.0
Armour         | |  3.9
Shields        | |  3.6

Action                     || total
---------------------------++-------
  Melee: Flail             ||   142
         Tailslap          ||    10
         Dagger            ||     5
    Use: Scroll            ||     4
         Potion            ||     1
 Armour: Scale mail        ||   112
  Dodge: Dodged            ||    46
  Block: Buckler           ||    37
